 Dungeon Crawl Stone Soup version 0.22.0-16-gc6d26f6 (webtiles) character file.

130 Lauz the Slasher (level 4, 0/61 HPs)
             Began as a Minotaur Berserker on Aug 17, 2018.
             Was a Believer of Trog.
             Succumbed to an adder's poison
             ... on level 3 of the Dungeon.
             The game lasted 00:03:38 (1841 turns).

Lauz the Slasher (Minotaur Berserker)               Turns: 1841, Time: 00:03:40

Health: 0/61       AC:  2    Str: 28    XL:     4   Next: 90%
Magic:  3/3        EV: 12    Int:  4    God:    Trog [**....]
Gold:   120        SH:  0    Dex:  9    Spells: 3/3 levels left

rFire    . . .     SeeInvis .   a - +0 falchion
rCold    . . .     Gourm    .   (no shield)
rNeg     . . .     Faith    .   b - +0 animal skin
rPois    .         Spirit   .   (helmet restricted)
rElec    .         Reflect  .   (no cloak)
rCorr    +         Harm     .   (no gloves)
MR       .....                  (no boots)
Stlth    ..........             (no amulet)
HPRegen  0.20/turn              j - ring of resist corrosion
MPRegen  0.08/turn              (no ring)

@: berserking, lethally poisoned (0 -> -1), very quick
A: retaliatory headbutt, horns 2
a: Berserk, Trog's Hand, Renounce Religion


You were on level 3 of the Dungeon.
You worshipped Trog.
Trog was pleased with you.
You were hungry.

You visited 1 branch of the dungeon, and saw 3 of its levels.

You collected 120 gold pieces.

Inventory:

Hand Weapons
 a - a +0 falchion (weapon)
Armour
 b - a +0 animal skin (worn)
Jewellery
 j - a ring of resist corrosion (left hand)
 l - a +5 ring of protection {unknown}
Scrolls
 d - 2 scrolls of amnesia {unknown}
 f - a scroll of identify {unknown}
 g - 2 scrolls of fog {unknown}
 h - 3 scrolls of random uselessness {unknown}
 k - a scroll of magic mapping {unknown}
Potions
 e - a potion of degeneration {unknown}
 i - a potion of curing {unknown}
Comestibles
 c - a ration
 m - 2 chunks of flesh


   Skills:
 + Level 4.9 Fighting
 * Level 5.7 Long Blades
 - Level 2.4 Armour
 - Level 2.4 Dodging
 - Level 0.1 Stealth


You had 3 spell levels left.
You didn't know any spells.
Your spell library was empty.

Dungeon Overview and Level Annotations

Branches:
Dungeon (3/15)

Altars:


Innate Abilities, Weirdness & Mutations

You reflexively headbutt those who attack you in melee.
You have a pair of horns on your head.


Message History

* * * LOW HITPOINT WARNING * * *
You hit the adder. Your headbutt misses the adder.
The adder is severely wounded.
The gnoll closely misses you. You furiously retaliate!
You headbutt the gnoll.
You kill the gnoll!
Trog accepts your kill. The gnoll closely misses you.
You slash the adder!
You kill the adder!
Trog accepts your kill. The gnoll hits you with a spear!
* * * LOW HITPOINT WARNING * * *
The gnoll hits you from afar with a spear.
* * * LOW HITPOINT WARNING * * *
Found a scroll labeled AFY UT IPREHI.
Things that are here:
an enchanted flail; a gnoll corpse You closely miss the gnoll.
You hit the gnoll but do no damage.
You die...

... #.....# #.##.....##
......$.. #.....# #....#
#############†..!# #
.................# ?####
###.†.......#....#g.....
#########.....@.g.....
###...g#......
######...... ..... ####


You could see 3 gnolls.

Vanquished Creatures
  Jessica (D:2)
  A gnoll (D:3)
  4 adders
  An ooze (D:2)
  A worm (D:2)
  A dart slug (D:1)
  A leopard gecko (D:3)
  4 giant cockroaches
  11 goblins
  4 hobgoblins (D:2)
  A quokka (D:3)
  7 bats
  A frilled lizard (D:2)
  7 kobolds
  5 rats
50 creatures vanquished.

Notes
Turn   | Place    | Note
-------+----------+-------------------------------------------
     0 | D:1      | Lauz the Minotaur Berserker began the quest for the Orb.
     0 | D:1      | Reached XP level 1. HP: 19/19 MP: 0/0
   193 | D:1      | Reached XP level 2. HP: 26/27 MP: 1/1
   299 | D:1      | Reached skill level 4 in Long Blades
   801 | D:2      | Reached XP level 3. HP: 28/34 MP: 2/2
   944 | D:2      | Noticed Jessica
   953 | D:2      | Killed Jessica
   953 | D:2      | Reached XP level 4. HP: 28/41 MP: 3/3
  1087 | D:2      | Reached skill level 5 in Long Blades
  1246 | D:2      | Reached ** piety under Trog
  1839 | D:3      | HP: 2/61 [gnoll/spear (8)]
  1841 | D:3      | Succumbed to an adder's poison

Skill      XL: |  1  2  3  4 |
---------------+-------------+-----
Fighting       | 4 |  4.9
Long Blades    | 4 5 |  5.7
Armour         | |  2.4
Dodging        | |  2.4
Stealth        | |  0.1

Action                   |  1- 3 |  4- 6 || total
-------------------------+-------+-------++-------
Melee: Falchion          |    62 |    49 ||   111
       Headbutt          |     8 |    11 ||    19
Invok: Berserk           |       |     1 ||     1
 Stab: Sleeping          |       |     2 ||     2
  Eat: Chunk             |       |     3 ||     3
Armor: Animal skin       |    11 |     5 ||    16
Dodge: Dodged            |    38 |    30 ||    68
       Rpst.: Falchion   |    14 |    10 ||    24
